Map: Ulrena

Players

bigceruza - Winner!

  • Race: Terran Terran
  • League: Silver
  • Spawn Location: 7:00

zidar

  • Race: Zerg Zerg
  • League: Gold
  • Spawn Location: 11:00

VOD

Have the link to the VOD?

Description

Time

  • Played on: June 18, 2016, 10:15 a.m.
  • Length: 8:55
Show
View Real Time Build Order
Export as new Build Order

bigceruza Terran - Winner!

Build Orders: Liberator Opening 

Get SALT Encoding   

  12  0:01  SCV  
  13  0:14  SCV  
  13  0:18  Supply Depot  
  14  0:26  SCV  
  15  0:39  SCV  
  15  0:41  Barracks  
  16  0:48  Refinery  
  16  0:51  SCV  
  17  1:03  SCV  
  18  1:15  Refinery  
  18  1:16  SCV  
  19  1:30  Orbital Command  
  19  1:32  Supply Depot  
  18  1:48  Barracks Reactor  
  18  1:55  Factory  
  18  1:58  SCV  
  19  2:10  SCV  
  20  2:18  Supply Depot  
  20  2:24  Marine x2  
  20  2:27  SCV  
  23  2:40  Starport  
  23  2:52  SCV  
  23  2:53  Marine  
  29  3:02  Widow Mine x2  
  29  3:05  SCV  
  30  3:12  Supply Depot  
  30  3:17  Medivac  
  30  3:18  Marine  
  33  3:22  SCV  
  38  3:31  Widow Mine x2, Liberator  
  38  3:38  Command Center  
  38  3:43  Marine  
  42  4:02  SCV  
  43  4:03  Marine  
  43  4:09  Supply Depot  
  46  4:11  Widow Mine  
  46  4:21  Liberator  
  44  4:35  Widow Mine  
  42  4:39  Marine  
  42  4:41  Hellion  
  42  4:42  SCV  
  49  4:57  Marine  
  50  5:00  Orbital Command  
  50  5:05  Barracks  
  50  5:10  Barracks  
  50  5:12  Supply Depot  
  46  5:35  Factory Reactor  
  46  6:06  Barracks Tech Lab  
  46  6:07  Barracks Tech Lab  
  44  6:11  Medivac x2  
  44  6:13  Barracks Reactor  
  48  6:27  Liberator x2  
  40  6:40  Orbital Command  
  40  6:46  Combat Shield, Stimpack  
  46  6:47  SCV  
  47  6:57  Marine  
  47  6:58  Marine x2  
  47  7:17  Hellion x2  
  47  7:19  Marine x4  
  51  7:34  SCV x2  
  50  7:39  Marine  
  50  7:40  Marine x3  
  54  7:45  Hellion x2  
  54  7:46  SCV  
  54  7:48  Refinery  
  54  7:49  Refinery  
  59  7:51  Armory  
  59  7:57  Marine, SCV  
  59  7:58  Engineering Bay  
  61  8:00  Engineering Bay  
  61  8:01  Marine  
  62  8:22  Marauder x2  
Show
View Real Time Build Order
Export as new Build Order

zidar Zerg 

Build Orders: Hatch First 

Get SALT Encoding   

  12  0:01  Drone  
  13  0:13  Overlord  
  13  0:17  Drone  
  14  0:32  Drone x2  
  16  1:21  Hatchery  
  16  1:23  Spawning Pool  
  16  1:24  Drone x3  
  16  1:25  Extractor  
  16  1:36  Drone  
  17  1:47  Drone  
  18  2:02  Hatchery  
  17  2:13  Queen  
  19  2:26  Metabolic Boost  
  19  2:29  Zergling x6  
  22  2:37  Queen  
  22  2:41  Drone x2  
  26  2:52  Drone  
  27  3:04  Baneling Nest  
  27  3:13  Roach Warren  
  27  3:16  Zergling x10  
  31  3:24  Queen  
  33  3:39  Spore Crawler  
  32  3:49  Spore Crawler  
  32  3:51  Drone x3  
  34  3:57  Spore Crawler  
  34  3:59  Overlord  
  33  4:17  Drone x4  
  35  4:46  Drone x7  
  35  4:49  Overlord  
  35  4:50  Overlord  
  34  4:57  Lair  
  34  5:25  Drone x12  
  46  5:36  Evolution Chamber, Pneumatized Carapace  
  46  5:37  Baneling Nest  
  46  5:39  Drone  
  42  5:55  Zergling x6  
  42  5:56  Zergling x8  
  48  6:07  Zergling x8  
  48  6:11  Zergling x6  
  35  6:34  Overseer  
  35  6:37  Zergling x2  
  35  6:38  Zergling x14  
  37  7:00  Centrifical Hooks  
  26  7:38  Drone x8  
  34  7:54  Drone x3  
  38  8:12  Drone  
  38  8:13  Drone x7  
  45  8:21  Drone  
  45  8:25  Zergling x2  
  45  8:26  Zergling x8  
  51  8:28  Baneling x4  
  51  8:32  Drone  
Tags
 
Add a new tag
Caveats
  • Supply blocks, unpowered buildings, or Contaminate may cause inaccurate times.
  • Supply counts are checked every 10 seconds.